 Dungeon Sprint DCSS version 0.28-a0-258-g8de209e91f (webtiles) character file.

Game seed: 8699901994445636347

443 MikeHunt the Grappler (level 7, -2/38 HPs)
             Began as a Gargoyle Artificer on Aug 26, 2021.
             Was an Initiate of Gozag.
             Slain by a slime creature (15 damage)
             ... in the Dungeon (Sprint I: "Red Sonja").
             The game lasted 00:01:39 (792 turns).

MikeHunt the Grappler (Gargoyle Artificer)           Turns: 792, Time: 00:01:40

Health: -2/38      AC: 10    Str: 15    XL:     7   Next: 2%
Magic:  7/7        EV: 11    Int: 15    God:    Gozag
Gold:   66         SH:  0    Dex: 12    Spells: 6/6 levels left

rFire   . . .      SeeInvis .     - Unarmed
rCold   . . .      Faith    .   (no shield)
rNeg    + . .      Spirit   .   b - +0 leather armour
rPois   ∞          Reflect  .   g - +1 helmet {Int+3}
rElec   +          Harm     .   (no cloak)
rCorr   .          Rampage  .   (no gloves)
Will    .....      NoTele   +   (no boots)
Stlth   +.........              (no amulet)
HPRegen 0.12/turn               (no ring)
MPRegen 0.10/turn               (no ring)

@: no status effects
A: sickness immunity, AC +4, negative energy resistance 1, electricity
resistance, torment resistance 1, petrification resistance
a: Renounce Religion, Potion Petition, Call Merchant, Bribe Branch


You were in the Dungeon.
You worshipped Gozag.
Gozag was noncommittal.
You visited 1 branch You collected 297 gold pieces.
You spent 231 gold pieces at shops.

Inventory:

Hand Weapons
 a - a +0 club
Armour
 b - a +0 leather armour (worn)
 g - a +1 helmet of intelligence (worn)
Wands
 c - a wand of flame (3) (quivered)
 d - a wand of charming (15)
Scrolls
 k - a scroll of blinking
Potions
 f - a potion of curing
 h - a potion of haste
 i - 2 potions of magic
Miscellaneous
 e - a piece from Xom's chessboard (15/15)


   Skills:
 + Level 1.1 Fighting
 - Level 2.1 Armour
 + Level 0.7 Dodging
 - Level 1.1 Stealth
 + Level 10.9 Unarmed Combat
 - Level 9.1 Evocations


You had 6 spell levels left.
You didn't know any spells.
Your spell library was empty.

Dungeon Overview and Level Annotations

Branches:
Dungeon (1/1)

Altars:
Cheibriados
Dithmenos
Elyvilon
Fedhas
Gozag
Hepliaklqana
Kikubaaqudgha
Makhleb
Nemelex Xobeh
Okawaru
Qazlal
Ru
Sif Muna
Trog
Uskayaw
Vehumet
Wu Jian
Xom
Yredelemnul
Zin
The Shining One
Jiyva
Lugonu

Shops:
D [


Innate Abilities, Weirdness & Mutations

You are immune to sickness and miasma.
Your stone body is resilient. (AC +4)
You are immune to poison.
You resist negative energy. (rN+)
You are resistant to electric shocks. (rElec)
You are resistant to unholy torment.
You are immune to petrification.


Message History

Thank you for shopping at Xaafri Weski's Armour Emporium!
Unknown command.
You start putting on your armour.
You continue putting on your +1 helmet of intelligence. x4
You finish putting on your +1 helmet of intelligence.
You feel clever.
There is an open door, spattered with blood here.
You see here a yak skeleton.
You see here 10 stones.
You see here 17 stones.
There is an open door here.
You open the door.
A slime creature comes into view.
Found a viscous altar of Jiyva and a corrupted altar of Lugonu.
Found a burning altar of Makhleb and a shimmering altar of Xom.
The slime creature quivers.
There is an open door here.
You barely miss the slime creature. The slime creature hits you.
You punch the slime creature!
The slime creature is moderately wounded.
The slime creature hits you.
You hit the slime creature.
The slime creature is moderately wounded.
The slime creature hits you but does no damage.
You barely miss the slime creature.
The slime creature is moderately wounded.
The slime creature barely misses you.
You hit the slime creature.
The slime creature is moderately wounded.
You punch the slime creature!
The slime creature is heavily wounded.
The slime creature closely misses you.
You hit the slime creature.
The slime creature is heavily wounded.
The slime creature hits you!
You punch the slime creature!
The slime creature is severely wounded.
The slime creature hits you!
You die...
Your body crumbles into a pile of gold.

###################
#<.#.)'..#..'..#__#$$
$$
#..[..#..').#..@J.+$$
$ #..#####'#####'#__#
$ $
#..####..#...#(#### $
#..#__####..##(# $$
#..#_____##'#_.+
#⌠⌠#_.∩...'÷.._# $$
####_..__##_.#+#
$$#_____###+# $$ $
####### $ $


You could see a slime creature.

Vanquished Creatures
  Sigmund (D)
  A yak (D)
  An ogre (D)
  A jelly (D)
  Ijyb (D)
5 creatures vanquished.

Notes
Turn   | Place    | Note
-------+----------+-------------------------------------------
     0 | D        | MikeHunt the Gargoyle Artificer began the quest for the
                  | Orb.
     0 | D        | Reached XP level 1. HP: 12/12 MP: 1/1
     2 | D        | Noticed Ijyb
     8 | D        | Killed Ijyb
     9 | D        | Reached skill level 5 in Unarmed Combat
     9 | D        | Reached XP level 2. HP: 12/16 MP: 2/2
     9 | D        | Reached XP level 3. HP: 15/20 MP: 3/3
    86 | D        | Noticed an ogre
    93 | D        | Killed an ogre
    94 | D        | Reached skill level 7 in Unarmed Combat
    94 | D        | Reached skill level 5 in Evocations
    94 | D        | Reached XP level 4. HP: 25/25 MP: 4/4
   205 | D        | Noticed Sigmund
   217 | D        | Killed Sigmund
   218 | D        | Reached skill level 9 in Unarmed Combat
   218 | D        | Reached XP level 5. HP: 26/29 MP: 5/5
   218 | D        | Reached XP level 6. HP: 31/34 MP: 6/6
   250 | D        | Found a shimmering blue altar of Sif Muna.
   251 | D        | Found an ornate altar of the Wu Jian Council.
   252 | D        | Found a radiant altar of Vehumet.
   259 | D        | Reached skill level 10 in Unarmed Combat
   496 | D        | Found Xaafri Weski's Armour Emporium.
   496 | D        | Found an ancient bone altar of Kikubaaqudgha.
   496 | D        | Found a hazy altar of Hepliaklqana.
   496 | D        | Found a stormy altar of Qazlal.
   496 | D        | Found a hide-covered altar of Uskayaw.
   496 | D        | Found a blossoming altar of Fedhas.
   496 | D        | Found a bloodstained altar of Trog.
   496 | D        | Found an iron altar of Okawaru.
   496 | D        | Found a basalt altar of Yredelemnul.
   496 | D        | Found a glowing golden altar of the Shining One.
   496 | D        | Found a snail-covered altar of Cheibriados.
   496 | D        | Found a sacrificial altar of Ru.
   496 | D        | Found a glowing silver altar of Zin.
   496 | D        | Found a shadowy altar of Dithmenos.
   496 | D        | Found a white marble altar of Elyvilon.
   496 | D        | Noticed a yak
   505 | D        | Killed a yak
   506 | D        | Reached XP level 7. HP: 6/38 MP: 7/7
   508 | D        | Found an opulent altar of Gozag.
   509 | D        | Found a sparkling altar of Nemelex Xobeh.
   512 | D        | Became a worshipper of Gozag Ym Sagoz the Greedy
   767 | D        | Bought a +1 helmet of intelligence for 231 gold pieces
   783 | D        | Found a viscous altar of Jiyva.
   783 | D        | Found a corrupted altar of Lugonu.
   783 | D        | Noticed a slime creature
   784 | D        | Found a burning altar of Makhleb.
   784 | D        | Found a shimmering altar of Xom.
   792 | D        | Slain by a slime creature

Illustrated notes

Levels and vault maps discovered:
D:        dungeon_sprint_1 [red_sonja_temple_1, red_sonja_temple_small_1]

Skill      XL: |  1  2  3  4  5  6 |
---------------+-------------------+-----
Unarmed Combat | 5 7 9 10 | 10.9
Evocations     | 5 7 9 |  9.1
Fighting       | |  1.1
Armour         | |  2.1
Dodging        | |  0.7
Stealth        | |  1.1

Action                   |  1- 3 |  4- 6 |  7- 9 || total
-------------------------+-------+-------+-------++-------
Melee: Unarmed           |     3 |    19 |     8 ||    30
Evoke: Wand              |     9 |     3 |       ||    12
  Use: Potion            |     1 |     1 |       ||     2
Armor: Leather armour    |       |     2 |     1 ||     3
Dodge: Dodged            |     2 |     6 |     2 ||    10

Table legend: (Time is in decaauts)
 A = Elapsed time spent in this place.
 B = Non-inter-level travel time spent in this place.
 C = Inter-level travel time spent in this place.
 D = Time resting spent in this place.
 E = Time spent auto-exploring this place.
 F = Levels seen in this place.
 G = Mean time per level.
                   A        B        C        D        E       F      G
               +--------+--------+--------+--------+--------+-----+--------+
         Total |    802 |    802 |      0 |    667 |      0 |   1 |  802.0 |
       Dungeon |    802 |    802 |      0 |    667 |      0 |   1 |  802.0 |
               +--------+--------+--------+--------+--------+-----+--------+

Top non-repeatable levels by time:
       D: 802 daAuts
